Map: Dusty Gorge

Players

Luker - Winner!

  • Race: Terran Terran
  • Spawn Location: 9:00

Vulwsztyn - Winner!

  • Race: Zerg Zerg
  • League: Gold
  • Spawn Location: 11:00

Eró

  • Race: Zerg Zerg
  • Spawn Location: 3:00

Gnew

  • Race: Protoss Protoss
  • Spawn Location: 5:00

VOD

Have the link to the VOD?

Description

Time

  • Played on: April 3, 2019, 2:29 p.m.
  • Length: 12:29
Show
View Real Time Build Order
Export as new Build Order

Luker Terran - Winner!

Build Orders: Reaper Expand 

Get SALT Encoding   

  12  0:02  SCV  
  13  0:14  SCV  
  14  0:22  Supply Depot  
  14  0:26  SCV  
  15  0:43  SCV  
  16  0:50  Refinery, Barracks  
  16  0:55  SCV  
  17  1:09  SCV  
  18  1:25  SCV  
  19  1:38  Orbital Command  
  19  1:42  Reaper  
  20  2:04  SCV  
  20  2:07  Command Center  
  21  2:15  Supply Depot  
  21  2:21  SCV  
  22  2:28  Barracks Reactor  
  22  2:30  Barracks  
  22  2:33  SCV  
  23  2:45  SCV  
  24  3:00  SCV  
  24  3:02  Factory  
  24  3:05  Marine x2  
  24  3:09  Refinery  
  26  3:13  Engineering Bay  
  26  3:16  Barracks Tech Lab  
  26  3:18  SCV  
  27  3:20  Orbital Command  
  27  3:24  Marine x2  
  29  3:31  SCV  
  30  3:39  Marauder  
  30  3:41  Missile Turret  
  32  3:47  SCV, Missile Turret  
  33  3:54  Factory Tech Lab  
  33  3:55  Marine x2  
  33  3:58  SCV, Stimpack  
  33  3:59  SCV  
  37  4:11  SCV x2  
  37  4:15  Siege Tank  
  42  4:23  SCV  
  42  4:24  SCV  
  44  4:26  Refinery  
  44  4:27  Marauder  
  46  4:32  Supply Depot  
  46  4:40  Supply Depot  
  46  4:45  Starport  
  46  4:48  Barracks  
  46  4:53  SCV, Marauder, Marine x2  
  46  4:57  SCV  
  52  5:05  SCV  
  53  5:11  Marine x2  
  55  5:15  Siege Tank  
  55  5:16  SCV  
  55  5:17  SCV  
  59  5:27  Marine  
  59  5:28  SCV, Command Center  
  61  5:30  Starport Reactor  
  61  5:34  Marine  
  62  5:37  Barracks Tech Lab  
  62  5:50  Refinery  
  62  5:54  Terran Infantry Weapons Level 1  
  62  6:05  Supply Depot  
  62  6:06  Supply Depot  
  62  6:09  Supply Depot  
  62  6:26  SCV x2, Medivac, Marauder, Marine x2  
  62  6:27  Marine  
  62  6:28  Medivac  
  73  6:36  Barracks  
  73  6:38  SCV x2  
  73  6:39  Barracks  
  75  6:41  Orbital Command  
  75  6:44  Marine  
  76  6:54  Marauder, Marine x2  
  76  6:59  Orbital Command  
  75  7:38  Marauder  
  75  7:40  Medivac x2  
  75  7:42  Siege Tank  
  81  7:57  Barracks x2  
  77  8:06  Marine  
  77  8:07  Marauder x2, Marine  
  77  8:10  Barracks Tech Lab, Barracks Reactor  
  77  8:11  SCV x2  
  77  8:12  SCV  
  86  8:16  Missile Turret  
  86  8:20  Refinery  
  86  8:21  Refinery  
  86  8:22  Engineering Bay  
  86  8:23  SCV, Terran Infantry Armor Level 1  
  86  8:24  SCV x2  
  89  8:27  Supply Depot, Marine x3  
  89  8:28  Armory, Marauder, Marine  
  95  8:46  Marauder  
  98  8:48  SCV x3  
  98  8:50  Supply Depot  
  98  8:54  Barracks Tech Lab, Barracks Reactor  
  100  8:55  Marine  
  100  8:56  Marine  
  100  8:59  Command Center  
  100  9:00  SCV x2  
  94  9:13  Marine x2  
  94  9:14  Marauder x3, Marine x2  
  94  9:15  Siege Tank  
  97  9:23  Terran Infantry Weapons Level 2  
  97  9:25  Starport  
  97  9:29  SCV x2  
  99  9:34  SCV  
  100  9:41  SCV x2  
  100  9:43  Marine x2  
  100  9:44  Marauder x2, Marine x2  
  110  9:53  Medivac x2  
  114  10:01  Factory  
  114  10:18  Marine x2  
  114  10:19  Marauder x4, Marine x3  
  127  10:39  Marine x5  
  127  10:40  Marauder x2  
  127  10:41  Marauder  
  132  10:56  Marauder  
  131  11:00  Marine  
  131  11:01  Marine  
  131  11:18  Marauder  
  131  11:20  Medivac  
  132  11:25  Marauder  
  132  11:26  Medivac  
  125  11:40  Siege Tank  
  126  11:50  Medivac  
  126  11:51  Marine x3  
  126  11:52  Marine  
  126  11:53  Marauder, Marine, Factory Tech Lab  
  132  11:54  Marauder  
  132  11:55  Starport Reactor  
  132  11:56  Marauder, Marine  
  132  11:59  Orbital Command  
  132  12:02  Supply Depot  
  132  12:04  SCV x3, Marauder  
  134  12:09  Marine x4  
  134  12:11  Marine  
Show
View Real Time Build Order
Export as new Build Order

Vulwsztyn Zerg - Winner!

Build Orders: Hatch First 

Get SALT Encoding   

  12  0:03  Drone  
  13  0:11  Drone  
  14  0:19  Extractor  
  13  0:21  Extractor  
  13  0:22  Drone  
  13  0:23  Drone  
  16  0:29  Overlord  
  16  0:54  Drone  
  17  0:59  Hatchery  
  17  1:03  Drone x2  
  18  1:07  Drone  
  19  1:18  Drone  
  20  1:28  Spawning Pool  
  20  1:30  Extractor, Drone  
  19  1:44  Drone  
  20  1:50  Drone  
  21  2:01  Extractor  
  21  2:04  Drone  
  21  2:16  Queen x2  
  21  2:18  Drone x2  
  27  2:29  Drone  
  28  2:31  Overlord  
  28  2:44  Extractor  
  28  2:45  Drone  
  28  2:50  Drone  
  28  2:51  Drone x2  
  31  2:52  Metabolic Boost, Queen  
  31  2:58  Lair  
  33  3:06  Drone x2  
  33  3:07  Drone  
  36  3:15  Overlord  
  36  3:36  Drone x6  
  36  3:37  Drone  
  43  3:42  Extractor  
  42  3:59  Roach Warren  
  42  4:00  Hydralisk Den  
  42  4:01  Drone x3  
  42  4:02  Drone  
  44  4:07  Overlord x2  
  44  4:26  Spire  
  44  4:29  Evolution Chamber  
  42  4:43  Drone x11  
  53  4:46  Overlord  
  53  5:10  Hatchery  
  53  5:13  Muscular Augments, Glial Reconstitution  
  52  5:31  Overlord x3  
  52  5:32  Roach, Hydralisk x3  
  52  5:33  Roach  
  62  6:16  Extractor  
  62  6:17  Overlord  
  62  6:18  Overlord x2  
  61  6:20  Hydralisk x3  
  61  6:21  Roach x4, Hydralisk  
  77  6:27  Roach, Hydralisk x2  
  77  6:28  Roach x2  
  87  6:36  Roach  
  89  7:09  Overlord x3  
  89  7:11  Roach x2, Hydralisk x4  
  89  7:12  Roach x3  
  89  7:13  Hatchery  
  104  7:35  Overlord x2  
  104  7:36  Overlord x2  
  104  7:37  Hydralisk  
  104  7:38  Roach x2  
  104  7:42  Zerg Missile Weapons Level 1  
  110  7:50  Infestation Pit  
  109  7:51  Pneumatized Carapace  
  109  8:18  Drone x11  
  120  8:28  Queen  
  122  8:48  Hive  
  122  8:58  Extractor  
  122  9:01  Overlord x3  
  121  9:21  Corruptor  
  121  9:22  Corruptor x11  
  145  9:38  Drone  
  145  9:39  Drone x5  
  151  9:53  Zerg Missile Weapons Level 2  
  151  10:00  Greater Spire  
  151  10:22  Hydralisk  
  151  10:23  Roach x3, Hydralisk x6  
  151  10:24  Roach x4, Hydralisk  
  163  11:23  Hydralisk x3  
  163  11:24  Roach x4, Hydralisk x3  
  163  11:25  Roach  
  149  11:56  Hydralisk x3  
  149  11:57  Roach x4  
Show
View Real Time Build Order
Export as new Build Order

Eró Zerg 

Build Orders: Hatch First, Roach Nydus 

Get SALT Encoding   

  12  0:01  Drone  
  13  0:08  Drone  
  14  0:17  Overlord  
  14  0:35  Drone x2  
  14  0:36  Drone  
  17  0:55  Hatchery  
  16  1:01  Drone x2  
  16  1:03  Extractor  
  17  1:17  Spawning Pool  
  16  1:23  Drone  
  17  1:32  Overlord  
  17  1:33  Drone  
  18  1:45  Drone  
  19  2:01  Drone  
  20  2:08  Drone  
  20  2:09  Queen  
  20  2:10  Queen  
  25  2:26  Metabolic Boost  
  25  2:31  Drone  
  25  2:33  Drone  
  27  2:45  Queen  
  29  3:00  Overlord  
  29  3:07  Drone x2  
  29  3:08  Evolution Chamber  
  29  3:09  Evolution Chamber  
  29  3:32  Extractor  
  29  3:33  Roach Warren  
  27  3:34  Zerg Missile Weapons Level 1  
  27  3:38  Zerg Ground Armor Level 1  
  27  3:40  Overlord  
  27  3:42  Drone  
  27  3:43  Drone x4  
  32  3:59  Overlord x2  
  32  4:13  Lair  
  32  4:18  Drone x3  
  32  4:19  Drone x2  
  32  4:23  Extractor  
  36  4:35  Drone x3  
  36  4:36  Drone x2  
  41  4:45  Roach x4  
  49  4:49  Roach  
  51  5:01  Roach x3  
  57  5:08  Overlord  
  57  5:11  Glial Reconstitution  
  57  5:16  Nydus Network  
  56  5:35  Roach x6  
  68  5:43  Overlord  
  68  5:44  Overlord  
  68  5:50  Spore Crawler  
  68  5:51  Spore Crawler  
  66  6:02  Nydus Canal  
  66  6:38  Ravager x5  
  66  6:39  Ravager  
  72  6:56  Drone x2  
  72  6:57  Overlord, Drone x3  
  72  6:58  Overlord x2, Infestation Pit  
  72  7:00  Hatchery  
  75  7:03  Extractor  
  75  7:05  Drone x4  
  73  7:28  Roach x6  
  85  7:57  Ravager  
  85  7:58  Ravager x2  
  82  8:04  Ravager x2  
  82  8:09  Zerg Missile Weapons Level 2  
  84  8:14  Queen  
  84  8:50  Hatchery  
  83  9:12  Overlord x3  
  83  9:14  Hive  
  83  9:24  Drone x4  
  87  10:10  Drone x6  
  87  10:11  Drone x5  
  98  10:19  Roach x9  
  111  10:33  Ultralisk Cavern  
  101  10:58  Ravager x8  
  101  11:01  Roach x6  
  101  11:02  Roach x9  
  87  11:29  Ravager x3  
  87  11:30  Ultralisk x2  
  78  11:45  Zergling x2  
  78  11:46  Zergling x28  
Show
View Real Time Build Order
Export as new Build Order

Gnew Protoss 

Build Orders: Oracle Opening 

Get SALT Encoding   

  12  0:01  Probe  
  13  0:13  Probe  
  14  0:23  Pylon  
  14  0:25  Probe  
  15  0:41  Probe  
  15  0:42  Gateway  
  16  0:49  Pylon  
  16  0:53  Probe  
  17  1:02  Assimilator  
  17  1:06  Assimilator  
  17  1:15  Pylon  
  17  1:16  Probe  
  18  1:26  Probe  
  19  1:35  Probe  
  19  1:38  Cybernetics Core  
  20  1:43  Probe  
  21  1:51  Zealot  
  23  1:55  Probe  
  24  2:07  Probe  
  25  2:18  Warp Gate  
  25  2:19  Probe  
  26  2:27  Stargate, Stalker  
  28  2:43  Probe  
  27  2:55  Probe  
  27  2:57  Stalker  
  30  3:12  Nexus  
  30  3:19  Oracle  
  33  3:38  Pylon  
  33  3:39  Pylon  
  33  3:41  Pylon  
  33  4:06  Stalker  
  35  4:15  Twilight Council  
  35  4:18  Gateway  
  35  4:19  Gateway  
  35  4:28  Probe  
  36  4:40  Probe  
  37  4:52  Probe  
  38  5:04  Probe  
  39  5:10  Charge  
  39  5:17  Zealot x2  
  39  5:18  Zealot  
  45  5:21  Probe  
  45  5:22  Probe  
  47  5:32  Forge  
  47  5:33  Probe  
  47  5:34  Probe  
  49  5:45  Probe  
  49  5:46  Probe  
  51  5:58  Stalker x3, Probe x2  
  59  6:07  Assimilator, Protoss Ground Weapons Level 1  
  59  6:10  Probe x2  
  61  6:13  Forge, Assimilator  
  61  6:22  Probe  
  62  6:30  Gateway  
  62  6:33  Pylon  
  62  6:34  Zealot x3, Probe  
  69  6:46  Probe  
  70  6:47  Protoss Ground Armor Level 1, Blink  
  70  6:57  Zealot, Robotics Facility  
  70  6:58  Zealot x2  
  70  6:59  Probe  
  76  7:07  Probe  
  77  7:11  Pylon  
  77  7:12  Pylon  
  78  7:29  Probe  
  79  7:30  Zealot x4  
  87  7:53  Robotics Bay, Stalker x3  
  93  8:14  Pylon  
  93  8:16  Pylon  
  93  8:17  Pylon x2  
  93  8:27  Protoss Ground Weapons Level 2  
  93  8:29  Colossus  
  93  8:34  Stalker x3  
  93  8:35  Stalker  
  107  8:42  Extended Thermal Lance  
  107  8:57  Zealot  
  107  8:58  Zealot x3  
  115  9:12  Colossus  
  115  9:17  Protoss Ground Armor Level 2  
  121  9:26  Stalker x2  
  125  9:41  Pylon x2  
  125  9:57  Colossus  
  125  10:01  Nexus  
  131  10:09  Stalker x2  
  131  10:11  Zealot  
  137  10:22  Pylon  
  95  11:10  Zealot x2  
  95  11:11  Zealot x2  
  101  11:14  Colossus  
  85  11:43  Zealot  
  85  11:44  Zealot x3  
  71  12:05  Zealot  
  71  12:06  Zealot x3  
Tags
 
Add a new tag
Caveats
  • Supply blocks, unpowered buildings, or Contaminate may cause inaccurate times.
  • Supply counts are checked every 10 seconds.